 Dungeon Crawl Stone Soup version 0.25.1-2-g60ff931df9 (webtiles) character file.

Game seed: 12825209315371662908

9976 Exodus22XD the Cleaver (level 11, -4/99 HPs)
             Began as a Deep Dwarf Fighter on Oct 17, 2020.
             Was a Believer of Makhleb.
             Killed from afar by Nergalle (27 damage)
             ... with a bolt of negative energy
             ... on level 11 of the Dungeon.
             The game lasted 00:22:31 (8232 turns).

Exodus22XD the Cleaver (Deep Dwarf Fighter)         Turns: 8232, Time: 00:22:32

Health: -4/99      AC: 17    Str: 23    XL:     11   Next: 30%
Magic:  8/8        EV:  6    Int:  9    God:    Makhleb [**....]
Gold:   589        SH: 10    Dex: 12    Spells: 10/10 levels left

rFire    . . .     SeeInvis .   E - +3 war axe
rCold    . . .     Gourm    .   c - +0 kite shield
rNeg     . . .     Faith    .   x - +2 chain mail {MR+}
rPois    +         Spirit   .   v - +0 helmet
rElec    .         Reflect  .   C - +0 cloak
rCorr    .         Harm     .   y - +1 pair of gloves
MR       ++...                  J - +0 pair of boots
Stlth    ..........             (no amulet)
HPRegen  0.00/turn              O - ring of poison resistance
MPRegen  0.11/turn              (no ring)

@: non-regenerating, very heavily drained
A: damage resistance, heal wounds, sense surroundings 2, no regeneration
a: Heal Wounds, Minor Destruction, Renounce Religion


You were on level 11 of the Dungeon.
You worshipped Makhleb.
Makhleb was pleased with you.
You were hungry.

You visited 1 branch of the dungeon, and saw 11 of its levels.

You collected 589 gold pieces.

Inventory:

Hand Weapons
 a - a +4 morningstar of freezing
 E - a +3 war axe (weapon)
Armour
 c - a +0 kite shield (worn)
 v - a +0 helmet (worn)
 x - a +2 chain mail of magic resistance (worn)
 y - a +1 pair of gloves (worn)
 C - a +0 cloak (worn)
 J - a +0 pair of boots (worn)
Jewellery
 O - a ring of poison resistance (left hand)
Wands
 b - a wand of random effects (21)
 u - a wand of digging (5)
 A - a wand of polymorph (19)
 H - a wand of iceblast (20)
 K - a wand of flame (16)
Scrolls
 e - a scroll of torment
 i - 3 scrolls of fear
 j - 2 scrolls of magic mapping
 m - 4 scrolls of teleportation
 n - 4 scrolls of remove curse
 q - a scroll of immolation
 w - 5 scrolls of enchant armour
 D - a scroll of blinking
 F - 2 scrolls of vulnerability
 G - a scroll of amnesia
Potions
 d - a potion of might
 h - a potion of resistance {unknown}
 k - a potion of ambrosia {unknown}
 l - 5 potions of heal wounds
 o - 2 potions of flight
 p - 5 potions of haste
 r - 3 potions of curing {unknown}
 s - 3 potions of magic {unknown}
 t - 3 potions of mutation {unknown}
 z - 3 potions of stabbing {unknown}
 B - 2 potions of degeneration {unknown}
 L - 2 potions of invisibility {unknown}
 M - a potion of berserk rage {unknown}
Miscellaneous
 N - a lightning rod (4/4)
Comestibles
 f - 24 rations
 g - 10 chunks of flesh


   Skills:
 + Level 6.6(2.7) Fighting
 + Level 12.0(7.5) Axes
 + Level 7.9(3.9) Armour
 + Level 3.8(0.2) Dodging
 + Level 8.8(4.6) Shields
 * Level 7.5(3.4) Invocations
 - Level 3.4(0.0) Evocations


You had 10 spell levels left.
You didn't know any spells.
Your spell library was empty.

Dungeon Overview and Level Annotations

Branches:
Dungeon (11/15)            Temple (0/1) D:6            Lair (0/6) D:10
    Orc (0/2) D:10

Altars:
Cheibriados
Dithmenos
Elyvilon
Fedhas
Gozag
Hepliaklqana
Makhleb
Nemelex Xobeh
Trog
Uskayaw
Xom
Yredelemnul
The Shining One
Beogh

Shops:
D:4 %   D:5 *

Annotations:
D:7 2 transporters
D:11 Nergalle


Innate Abilities, Weirdness & Mutations

You are resistant to damage.
You can heal yourself by infusing magical energy.
You passively map the area around you.
You do not regenerate.


Message History

Nergalle is almost dead.
You hit the spectral orc warrior. You hit the spectral orc knight.
You hit the spectral orc warrior but do no damage.
The spectral orc knight hits you but does no damage.
The spectral orc warrior hits you but does no damage.
The spectral orc knight hits you with a +0 great mace.
Nergalle hits you with a +0 dagger.
* * * LOW HITPOINT WARNING * * *
You block the spectral orc knight's attack.
The spectral orc knight barely misses you.
You block the spectral orc warrior's attack.
You hit Nergalle.
Nergalle is almost dead.
You hit the spectral orc warrior but do no damage.
You barely miss the spectral orc knight.
You hit the spectral orc warrior.
You block the spectral orc knight's attack.
Nergalle casts a spell at you. The bolt of negative energy hits you!!
You feel drained.
You die...

.............#
.............#
.............#
.............#
.............########
.>...........#......#
.............#......#
#'##.........#.ZZ...#
...#.........#Z.@Z..#
...'.........##o#####*
...#....."....ZZ. ,,*
...#............. ,*
...+............. ,,
)..#.<........... ,, *
...#=............
####............., *
..........#######** *


You could see Nergalle, 3 spectral orc warriors and 3 spectral orc knights.

Vanquished Creatures
  3 two-headed ogres
  A komodo dragon (D:10)
  4 trolls
  A merfolk (D:10)
  Grinder (D:5)
  A spriggan (D:10)
  A human (D:10)
  A steam dragon (D:9)
  6 yaks
  Eustachio (D:4)
  3 wyverns
  A hungry ghost (D:10)
  Edmund (D:4)
  An acid dragon (D:10)
  Duvessa (D:6)
  3 ice beasts
  6 orc warriors
  A phantom (D:4)
  A black bear (D:10)
  A necrophage (D:8)
  An ogre (D:6)
  4 centaurs
  2 crocodiles (D:10)
  2 big kobolds
  Blork the orc (D:5)
  A gnoll sergeant (D:5)
  4 bullfrogs
  A wyvern skeleton (D:9)
  A scorpion (D:8)
  A water moccasin skeleton (D:8)
  Dowan (D:6)
  4 electric eels (D:10)
  A howler monkey (D:6)
  8 wights
  A bullfrog zombie (D:8)
  2 crimson imps
  A quasit (D:9)
  2 centaur zombies
  6 orc priests
  4 hounds
  3 jellies
  4 orc wizards
  A bullfrog skeleton (D:6)
  2 centaur skeletons
  An iguana (D:5)
  7 worker ants
  Ijyb (D:5)
  A hound zombie (D:6)
  A hound skeleton (D:7)
  2 worker ant zombies
  4 gnolls (D:5)
  A howler monkey skeleton (D:7)
  11 adders
  A shadow imp (D:8)
  2 oozes
  2 adder skeletons
  4 worms
  3 dart slugs
  6 leopard geckos
  41 orcs
  5 bats
  5 giant cockroaches
  4 goblins
  8 hobgoblins
  14 jackals
  14 kobolds
  8 quokkas
  4 frilled lizards
  A leopard gecko zombie (D:5)
  5 quokka skeletons
  11 rats
  3 plants (D:10)
267 creatures vanquished.

Vanquished Creatures (others)
  An orc (D:10)
1 creature vanquished.

Grand Total: 268 creatures vanquished

Notes
Turn   | Place    | Note
-------+----------+-------------------------------------------
     0 | D:1      | Exodus22XD the Deep Dwarf Fighter began the quest for the
                  | Orb.
     0 | D:1      | Reached XP level 1. HP: 20/20 MP: 1/1
   168 | D:1      | Reached XP level 2. HP: 22/27 MP: 2/2
   669 | D:2      | Reached XP level 3. HP: 21/34 MP: 3/3
   713 | D:2      | Reached skill level 3 in Axes
   900 | D:2      | Reached skill level 1 in Dodging
  1063 | D:2      | Reached XP level 4. HP: 33/42 MP: 4/4
  1080 | D:2      | Reached skill level 4 in Axes
  1127 | D:2      | Reached XP level 5. HP: 36/49 MP: 5/5
  2275 | D:4      | Reached XP level 6. HP: 33/56 MP: 6/6
  2307 | D:4      | Noticed Eustachio
  2427 | D:4      | Killed Eustachio
  2427 | D:4      | Reached skill level 5 in Axes
  2433 | D:4      | Found a sparkling altar of Nemelex Xobeh.
  2489 | D:4      | Reached XP level 7. HP: 12/63 MP: 7/7
  2723 | D:4      | Reached skill level 5 in Shields
  2820 | D:4      | Noticed Edmund
  2843 | D:4      | Killed Edmund
  2843 | D:4      | Reached skill level 6 in Axes
  2951 | D:4      | Found Gixkipn's Food Boutique.
  3122 | D:5      | Entered Level 5 of the Dungeon
  3122 | D:5      | Noticed Ijyb
  3127 | D:5      | Reached skill level 5 in Armour
  3133 | D:5      | Killed Ijyb
  3327 | D:5      | Found Omoago's Mayhem Merchandise.
  3443 | D:5      | Noticed Blork the orc
  3457 | D:5      | Killed Blork the orc
  3457 | D:5      | Reached skill level 7 in Axes
  3457 | D:5      | Reached XP level 8. HP: 41/72 MP: 6/6
  3510 | D:5      | Noticed Grinder
  3516 | D:5      | Killed Grinder
  3579 | D:5      | Found a shadowy altar of Dithmenos.
  3786 | D:5      | Found an opulent altar of Gozag.
  3949 | D:6      | Found a sparkling altar of Nemelex Xobeh.
  3962 | D:6      | Noticed Dowan
  3965 | D:6      | Noticed Duvessa
  3966 | D:6      | Reached skill level 8 in Axes
  3977 | D:6      | Killed Dowan
  3977 | D:6      | Reached skill level 1 in Evocations
  3988 | D:6      | Killed Duvessa
  4031 | D:6      | Found a shimmering altar of Xom.
  4034 | D:6      | Found a shimmering altar of Xom.
  4035 | D:6      | Found a shimmering altar of Xom.
  4035 | D:6      | Found a shimmering altar of Xom.
  4188 | D:6      | Found a hide-covered altar of Uskayaw.
  4193 | D:6      | Found a burning altar of Makhleb.
  4197 | D:6      | Found a snail-covered altar of Cheibriados.
  4200 | D:6      | Became a worshipper of Makhleb the Destroyer
  4211 | D:6      | Gained mutation: You passively map the area around you.
                  | [Deep Dwarf growth]
  4211 | D:6      | Reached XP level 9. HP: 26/79 MP: 6/8
  4212 | D:6      | Found a basalt altar of Yredelemnul.
  4216 | D:6      | Found a hazy altar of Hepliaklqana.
  4253 | D:6      | Found a staircase to the Ecumenical Temple.
  4400 | D:7      | Noticed a troll
  4416 | D:7      | Killed a troll
  4416 | D:7      | Reached skill level 9 in Axes
  4427 | D:7      | Found a transporter.
  4429 | D:7      | Found a transporter.
  4435 | D:7      | Found a roughly hewn altar of Beogh.
  4523 | D:7      | Found a white marble altar of Elyvilon.
  4534 | D:7      | Reached skill level 5 in Fighting
  4828 | D:7      | Reached skill level 1 in Invocations
  4967 | D:8      | Reached * piety under Makhleb
  5502 | D:9      | Reached skill level 10 in Axes
  5546 | D:9      | Noticed a troll
  5554 | D:9      | Killed a troll
  5657 | D:9      | Found a blossoming altar of Fedhas.
  5661 | D:9      | Found a bloodstained altar of Trog.
  5666 | D:9      | Found a glowing golden altar of the Shining One.
  5719 | D:9      | Reached XP level 10. HP: 58/88 MP: 9/9
  5891 | D:9      | Noticed a two-headed ogre
  5899 | D:9      | Killed a two-headed ogre
  5908 | D:9      | Reached skill level 5 in Invocations
  5910 | D:9      | Reached ** piety under Makhleb
  6427 | D:10     | Entered Level 10 of the Dungeon
  6495 | D:10     | Reached skill level 11 in Axes
  6780 | D:10     | Got a crude leather armour
  6793 | D:10     | Identified the cursed +1 leather armour of the Frog {rPois}
                  | (You found it on level 10 of the Dungeon)
  7002 | D:10     | Found a roughly hewn altar of Beogh.
  7002 | D:10     | Found a staircase to the Orcish Mines.
  7084 | D:10     | Reached *** piety under Makhleb
  7170 | D:10     | Noticed a two-headed ogre
  7181 | D:10     | Killed a two-headed ogre
  7181 | D:10     | Reached XP level 11. HP: 98/98 MP: 7/9
  7360 | D:10     | Noticed a two-headed ogre
  7368 | D:10     | Killed a two-headed ogre
  7429 | D:10     | Found a staircase to the Lair.
  8043 | D:11     | Reached skill level 12 in Axes
  8113 | D:11     | Noticed Nergalle
  8118 | D:11     | Noticed a spectral orc warlord
  8120 | D:11     | Noticed a spectral orc warlord
  8232 | D:11     | Killed from afar by Nergalle

Illustrated notes

Levels and vault maps discovered:
D:1:      minmay_arrival_nine_rooms, layout_basic, chequers_jeans
D:2:      layout_basic, serial_bayou_crossing
D:3:      minmay_door_path, layout_loops_ring, first_ration
D:4:      layout_loops_ring, serial_shops, shop, nemelex_dance_club_becter,
          uniq_eustachio, uniq_edmund
D:5:      layout_loops_cross, grunt_dithmenos_smoke, lemuel_doored_altar,
          minmay_shop_mayhem, st_stairs_11, grunt_tough_drop,
          uniq_blork_the_orc, uniq_ijyb, uniq_grinder
D:6:      layout_basic, minitemple, nemelex_xobeh_ov_fountains_minmay,
          xom_redecorated, temple_pool_b, uniq_duvessa
D:7:      gammafunk_beogh_shrine, layout_basic, elyvilon_altar_5
D:8:      layout_rooms
D:9:      layout_cave_pods, minmay_overflow_temple_star_quad, amethyst_killhole
D:10:     layout_loops_ring, erik_lair_dragon, david_orc_5, serial_bayou,
          serial_bayou_pond_c, serial_bayou_lagoon_a, serial_bayou_pond_d,
          serial_bayou_lagoon_b, hangedman_stone_soup, eino_tiny_chamber
D:11:     layout_gridville, uniq_nergalle, uniq_erica

Skill      XL: |  1  2  3  4  5  6  7  8  9 10 11 |
---------------+----------------------------------+-----
Fighting       | 3 4 5 6 |  6.6
Axes           | 3 4 5 7 8 10 11 12 | 12.0
Dodging        | 1 2 3 |  3.8
Shields        | 4 5 6 7 8 |  8.8
Armour         | 4 5 6 7 |  7.9
Evocations     | 2 3 |  3.4
Invocations    | 4 6 7 |  7.5

Action                   |  1- 3 |  4- 6 |  7- 9 | 10-12 || total
-------------------------+-------+-------+-------+-------++-------
Melee: War axe           |   132 |   266 |   418 |   334 ||  1150
 Abil: Heal Wounds       |     1 |     6 |    12 |    17 ||    36
  Use: Scroll            |       |       |    14 |     5 ||    19
  Eat: Chunk             |     1 |     5 |    11 |    11 ||    28
Armor: Scale mail        |    55 |   133 |    10 |       ||   198
       Chain mail        |       |       |   186 |   224 ||   410
Dodge: Dodged            |    41 |    86 |    97 |   116 ||   340
Block: Kite shield       |    72 |   169 |   232 |   255 ||   728
